 Dungeon Crawl Stone Soup version 0.31-a0-876-gfe8ebadbca (webtiles) character file.

Game seed: 12728075138713721133

347 Danienth the Ruffian (level 6, -11/42 HPs)
             Began as an Octopode Shapeshifter on Oct 13, 2023.
             Was a Priest of Fedhas.
             Mangled by an ogre
             ... wielding a +0 giant club
              (23 damage)
             ... on level 5 of the Dungeon.
             The game lasted 00:12:08 (4071 turns).

Danienth the Ruffian (Octopode Shapeshifter)        Turns: 4071, Time: 00:12:09

Health: -11/42     AC:  1    Str: 15    XL:     6   Next: 59%
Magic:  6/6        EV: 13    Int: 13    God:    Fedhas [***...]
Gold:   255        SH:  4    Dex: 11    Spells: 3/5 levels left

rFire   . .          .
                       - Unarmed
rCold   . . .        i - +0 buckler
rNeg    . . .        (helmet currently unavailable)
rPois   .            (no amulet)
rElec   .            f - ring of resist corrosion
rCorr   +            (no ring)
SInv    .            (no ring)
Will    .....        (no ring)
Stlth   ++           (no ring)
HPRegen 0.27/turn    (no ring)
MPRegen 0.10/turn    (no ring)
                     (no ring)

%: no passive effects
@: beast-form
A: beast (slay +2), almost no armour, amphibious, 8 rings, camouflage 1,
gelatinous body 1, (nimble swimmer 1), tentacles
a: Begin Untransformation, Renounce Religion, Wall of Briars, Grow
Ballistomycete


You were on level 5 of the Dungeon.
You worshipped Fedhas.
Fedhas was most pleased with you.
You were a hulking beast.
You visited 1 branch of the dungeon, and saw 5 of its levels.

You collected 255 gold pieces.

Inventory:

Hand Weapons
 t - a +4 quarterstaff of chaos
 u - a +4 sling
Missiles
 d - 2 throwing nets
 j - 8 curare-tipped darts
 n - 6 boomerangs
Armour
 i - a +0 buckler (worn)
Jewellery
 f - a ring of resist corrosion (left tentacle)
 v - a ring of see invisible
Talismans
 b - a beast talisman (active)
 c - a flux talisman
Scrolls
 e - 3 scrolls of revelation {unknown}
 h - 4 scrolls of amnesia {unknown}
 o - a scroll of immolation {unknown}
 p - a scroll of identify {unknown}
 r - 2 scrolls of teleportation {unknown}
Potions
 a - a potion of lignification
 g - a potion of haste {unknown}
 k - a potion of curing {unknown}
 l - 2 potions of brilliance {unknown}
 m - 2 potions of heal wounds {unknown}
 q - a potion of ambrosia {unknown}
 s - 3 potions of mutation {unknown}


   Skills:
 + Level 3.2 Fighting
 - Level 3.5 Dodging
 - Level 1.0 Shields
 * Level 4.6 Unarmed Combat
 - Level 4.0 Shapeshifting


You had 3 spell levels left.
You knew the following spells:

 Your Spells              Type           Power      Damage    Failure   Level
a - Scorch                Fire           0%         2d5       54%         2

Your spell library contained the following spells:

 Spells                   Type           Power      Damage    Failure   Level
 Flame Wave               Conj/Fire      0%         2d4       99%         4
 Summon Cactus Giant      Summ           0%         N/A       100%        6


Dungeon Overview and Level Annotations

Branches:
Dungeon (4/15)
 Temple: D:4-7

Altars:
Cheibriados
Dithmenos
Fedhas
Gozag
Uskayaw
Vehumet


Innate Abilities, Weirdness & Mutations

You are a hulking beast.
Your limbs bulge with bestial killing power. (Slay +2)
You cannot wear most types of armour.
You are amphibious.
You can wear up to eight rings at the same time.
Your skin changes colour to match your surroundings (Stealth+).
Your rubbery body absorbs attacks. (AC +1, EV +1)
((You are camouflaged when in or above water. (Stealth+)))
You have tentacles for arms and can constrict up to eight enemies at once.


Message History

The adder hisses angrily.
The adder is moderately wounded.
Fire: u) +4 sling
Press: ? - help, Q - select action, (/) - cycle Shift-Dir - straight line, f/p - adder
Aim: an adder (moderately wounded, 44% to hit)
You shoot a sling bullet.
The sling bullet barely misses the adder.
Fire: u) +4 sling
Press: ? - help, Q - select action, (/) - cycle Shift-Dir - straight line, f/p - adder
Aim: an adder (moderately wounded, 44% to hit)
You shoot a sling bullet.
The sling bullet barely misses the adder.
You are now empty-tentacled.
You closely miss the adder. Your grab misses the adder.
Your squeeze misses the adder.
The adder is moderately wounded.
You block the adder's attack. The adder completely misses you.
You bludgeon the adder!
You kill the adder!
Fedhas appreciates your contribution to the ecosystem.
No target in view!
No target in view!
You now have 255 gold pieces (gained 16).
h - 4 scrolls labelled SYNLER AHOUG (gained 1)
Found a club.
An ogre comes into view. It is wielding a +0 giant club.
Found a scroll labelled LATONW NAPEG.
The helpless ogre fails to defend itself.
You bludgeon the ogre!
The ogre is moderately wounded.
The ogre hits you with a +0 giant club!!
Ouch! That really hurt!
* * * LOW HITPOINT WARNING * * *
You are too injured to fight recklessly!
You are too injured to fight recklessly!
The ogre attacks as it pursues you!
The ogre hits you with a +0 giant club!!
Ouch! That really hurt!
You die...
Fedhas appreciates your contribution to the ecosystem.

# #.# #..##.##
##....# #.#
#...#.# ##....#
._. +.#...#
##.....# ###
#.#.###
#..##....# ###
#.#.# ###.##
.##.#
#####...####...#
.. ..
...).........###
##. #
#.####..######
.. #.....h## ##
#.####O# #.# #.#
#.# ..# .#. . ?
.. #


You could see an ogre.

Vanquished Creatures
  A scorpion (D:4)
  Crazy Yiuf (D:3)
  Natasha (thrice) (D:2)
  Robin (D:4)
  7 adders
  2 worms (D:2)
  3 dart slugs
  6 orcs
  5 ball pythons
  7 endoplasms
  3 giant cockroaches
  14 goblins
  7 hobgoblins
  6 jackals
  3 quokkas
  11 bats
  6 frilled lizards
  10 kobolds
  4 rats
100 creatures vanquished.

Notes
Turn   | Place    | Note
-------+----------+-------------------------------------------
     0 | D:1      | Danienth the Octopode Shapeshifter began the quest for the
                  | Orb.
     0 | D:1      | Reached XP level 1. HP: 13/13 MP: 1/1
   144 | D:1      | Reached XP level 2. HP: 18/18 MP: 2/2
   357 | D:1      | Reached XP level 3. HP: 23/23 MP: 3/3
   378 | D:1      | You fall into a shaft and drop 1 floor!
   378 | D:2      | Found a faded altar of an unknown god.
   381 | D:2      | Noticed Natasha
   392 | D:2      | Killed Natasha
   398 | D:2      | Prayed at the altar of an unknown god.
   398 | D:2      | Became a worshipper of Fedhas Madash
   398 | D:2      | Reached * piety under Fedhas
   406 | D:2      | Noticed Natasha
   413 | D:2      | Killed Natasha
   414 | D:2      | Reached XP level 4. HP: 6/29 MP: 4/4
  1403 | D:2      | Reached XP level 5. HP: 31/35 MP: 5/5
  1405 | D:2      | Reached ** piety under Fedhas
  1539 | D:2      | Noticed Natasha
  1546 | D:2      | Killed Natasha
  2009 | D:3      | Found an opulent altar of Gozag.
  2009 | D:3      | Found a hide-covered altar of Uskayaw.
  2010 | D:3      | Found a shadowy altar of Dithmenos.
  2429 | D:3      | Found a runed translucent door.
  2430 | D:3      | Noticed Crazy Yiuf
  2763 | D:3      | Killed Crazy Yiuf
  2917 | D:4      | Reached XP level 6. HP: 41/41 MP: 6/6
  2986 | D:4      | Learned a level 2 spell: Scorch
  3066 | D:4      | Found a snail-covered altar of Cheibriados.
  3121 | D:4      | Noticed Robin
  3144 | D:4      | Killed Robin
  3145 | D:4      | Reached skill level 1 in Shields
  3146 | D:4      | Reached *** piety under Fedhas
  3978 | D:4      | You fall into a shaft and drop 1 floor!
  3978 | D:5      | Entered Level 5 of the Dungeon
  4014 | D:5      | Found a radiant altar of Vehumet.
  4071 | D:5      | Mangled by an ogre

Illustrated notes

Levels and vault maps discovered:
D:1:      minmay_arrival_hallway, layout_loops_ring, nrook_campfire
D:2:      minmay_skewed_foursquare, layout_basic,
          chequers_ecumenical_altar_simple, amcnicky_mini_rare_corridor_liquid,
          uniq_natasha
D:3:      layout_basic, gammafunk_temple_overflow_claw, uniq_crazy_yiuf_cottage
D:4:      layout_loops_ring, kennysheep_mini, uniq_robin
D:5:      layout_rooms, lemuel_doored_altar, elyvilon_altar_1, serial_bayou,
          serial_bayou_shore_b, serial_bayou_shore_a, serial_bayou_lagoon_b,
          serial_bayou_shore_b, minivault_11, minmay_misc_feat_room

Skill      XL: |  1  2  3  4  5  6 |
---------------+-------------------+-----
Fighting       | 2 3 |  3.2
Dodging        | 3 |  3.5
Unarmed Combat | 4 |  4.6
Shields        | 1 |  1.0
Shapeshifting  | 4 |  4.0

Action                     |  1- 3 |  4- 6 || total
---------------------------+-------+-------++-------
  Melee: Unarmed           |    50 |   149 ||   199
         Tentacles         |    10 |    23 ||    33
         Constrict         |    13 |    33 ||    46
         Punch             |       |     9 ||     9
   Fire: Sling             |       |    24 ||    24
   Stab: Sleeping          |     2 |     8 ||    10
 Armour: Skin              |    26 |    68 ||    94
  Dodge: Dodged            |    27 |    95 ||   122
  Block: Buckler           |       |    14 ||    14

Table legend: (Time is in decaauts)
 A = Elapsed time spent in this place.
 B = Non-inter-level travel time spent in this place.
 C = Inter-level travel time spent in this place.
 D = Time resting spent in this place.
 E = Time spent auto-exploring this place.
 F = Levels seen in this place.
 G = Mean time per level.
                   A        B        C        D        E       F      G
               +--------+--------+--------+--------+--------+-----+--------+
         Total |   4080 |   3867 |    213 |    408 |   2884 |   5 |  816.0 |
       Dungeon |   4080 |   3867 |    213 |    408 |   2884 |   5 |  816.0 |
               +--------+--------+--------+--------+--------+-----+--------+

Top non-repeatable levels by time:
     D:4: 1077 daAuts
     D:3: 1054 daAuts
     D:2: 1018 daAuts
     D:1: 837 daAuts
     D:5: 93 daAuts
